 Dungeon Crawl Stone Soup version 0.23.2-40-g277498a (webtiles) character file.

Game seed: 11734461459537725401

43 BoppinsLewinski the Chopper (level 3, -5/23 HPs)
             Began as a Gargoyle Monk on Sept 13, 2019.
             Killed from afar by an orc wizard (9 damage)
             ... with a magic dart
             ... on level 2 of the Dungeon.
             The game lasted 00:02:34 (1548 turns).

BoppinsLewinski the Chopper (Gargoyle Monk)         Turns: 1548, Time: 00:02:35

Health: -5/23      AC: 13    Str: 15    XL:     3   Next: 58%
Magic:  3/3        EV:  7    Int: 10    God:
Gold:   49         SH:  0    Dex: 12    Spells: 2/2 levels left

rFire    . . .     SeeInvis .   a - +0 hand axe
rCold    . . .     Gourm    .   (no shield)
rNeg     + . .     Faith    .   e - +0 chain mail (curse)
rPois    ∞         Spirit   .   (no helmet)
rElec    +         Reflect  .   (no cloak)
rCorr    .         Harm     .   (no gloves)
MR       +....                  (no boots)
Stlth    ..........             (no amulet)
HPRegen  0.07/turn              (no ring)
MPRegen  0.08/turn              (no ring)

@: slowed, very slow
A: molten scales 1, magic resistance 1, negative energy resistance 1,
electricity resistance, unbreathing, petrification resistance, rot immunity, AC
+3
a: no special abilities


You were on level 2 of the Dungeon.
You were not hungry.

You visited 1 branch of the dungeon, and saw 2 of its levels.

You collected 49 gold pieces.

Inventory:

Hand Weapons
 a - a +0 hand axe (weapon)
Armour
 b - a +0 robe
 e - a cursed +0 chain mail (worn)
Scrolls
 d - a scroll of remove curse {unknown}
Comestibles
 c - 3 rations


   Skills:
 - Level 3.2 Fighting
 * Level 4.1 Axes
 - Level 2.4 Dodging
 - Level 2.1 Stealth


You had 2 spell levels left.
You didn't know any spells.
Your spell library was empty.

Dungeon Overview and Level Annotations

Branches:
Dungeon (2/15)

Altars:


Innate Abilities, Weirdness & Mutations

You are resistant to torment.
Your stone body is resilient. (AC +3)
You are immune to poison.
You resist negative energy. (rN+)
You are resistant to electric shocks. (rElec)
You can survive without breathing.
You are immune to petrification.
You are immune to rotting.
You are partially covered in molten scales. (AC +2)
You are resistant to hostile enchantments. (MR+)


Message History

The orc wizard casts a spell.
The orc wizard blinks!
A jackal comes into view.
A jackal and an orc wizard come into view.
The orc wizard shouts!
The orc priest shouts!
The jackal barks! x2
A bat comes into view.
The orc priest mumbles some strange prayers to Beogh against you.
Pain shoots through your body!
The orc wizard mumbles some strange words.
The orc wizard seems to speed up.
The orc wizard gestures at you while chanting.
The magic dart hits you!
* * * LOW HITPOINT WARNING * * *
The bat moves out of view.
Things that are here:
a +0 club; a +0 leather armour The orc wizard closely misses you.
The orc wizard points at you and mumbles some strange words.
The magic dart hits you!
You die...

..###..††....#
#.......†.....#
#..####.......# .
.####.......#
.............#
..###........#
#........#
.#......o.######...
..........@o.hh.....
...........#o####..
###..########.# #..
#.# ## ... .....
......# ..##+### .o.


You could see an orc priest, 2 orc wizards and 2 jackals.

Vanquished Creatures
  3 dart slugs
  A leopard gecko (D:2)
  An orc (D:2)
  4 bats (D:1)
  2 giant cockroaches (D:1)
  4 goblins (D:1)
  3 hobgoblins (D:1)
  5 jackals (D:1)
  2 frilled lizards
  3 kobolds (D:1)
  4 rats
32 creatures vanquished.

Notes
Turn   | Place    | Note
-------+----------+-------------------------------------------
     0 | D:1      | BoppinsLewinski the Gargoyle Monk began the quest for the
                  | Orb.
     0 | D:1      | Reached XP level 1. HP: 14/14 MP: 1/1
    75 | D:1      | Reached skill level 3 in Axes
   146 | D:1      | Reached XP level 2. HP: 14/19 MP: 2/2
   624 | D:1      | Reached XP level 3. HP: 21/23 MP: 3/3
   758 | D:1      | Gained mutation: You are resistant to hostile enchantments.
                  | (MR+) [potion of mutation]
   758 | D:1      | Gained mutation: You are partially covered in molten
                  | scales. (AC +2) [potion of mutation]
  1504 | D:2      | Reached skill level 4 in Axes
  1548 | D:2      | Killed from afar by an orc wizard

Skill      XL: |  1  2  3 |
---------------+----------+-----
Axes           | 3 4 |  4.1
Fighting       | |  3.2
Dodging        | |  2.4
Stealth        | |  2.1

Action                   || total
-------------------------++-------
Melee: Hand axe          ||   129
  Use: Potion            ||     2
  Eat: Chunk             ||     2
Armor: Robe              ||    64
       Chain mail        ||    13
Dodge: Dodged            ||    95
